 Dungeon Crawl Stone Soup version 0.28-a0-925-gd5e1996cdb (webtiles) character file.

Game seed: 3843963997619596025

275366 Zonian the Warrior (level 19, -1/152 (157) HPs)
             Began as a Demonspawn Gladiator on Nov 26, 2021.
             Was a High Priest of Fedhas.
             Shot with an arrow by a deep elf master archer (19 damage)
             ... on level 3 of the Elven Halls.
             The game lasted 02:42:47 (56992 turns).

Zonian the Warrior (Demonspawn Gladiator)          Turns: 56992, Time: 02:42:49

HP:   -1/152 (157)  AC: 25    Str: 23    XL:     19   Next: 55%
MP:   0/40          EV: 20    Int: 14    God:    Fedhas [*****.]
Gold: 3379          SH:  0    Dex: 19    Spells: 19/35 levels left

rFire   + . .      SeeInvis .   c - +9 hunting sling (vorpal)
rCold   + + .      Faith    .   X - +2 buckler
rNeg    . . .      Spirit   +   a - +3 leather armour {rC+ rF+}
rPois   +          Reflect  .   (helmet unavailable)
rElec   .          Harm     .   D - +2 cloak {Will+}
rCorr   +          Rampage  .   t - +2 pair of gloves {Str+3}
Will    ++...                   u - +0 pair of boots
Stlth   ++........              x - amulet of regeneration
HPRegen 1.15/turn               N - ring "Guuts" {Fly rPois rC+ Slay+3}
MPRegen 0.54/turn               B - ring "Kuor" {rCorr MP+9 Str+3 Dex+3}

@: confused, ambrosia-drunk, sanguine armoured, flying, lightly drained
A: horns 3, ignite blood 1, magic shield, magic regeneration, magic link,
sanguine armour 3
}: 2/15 runes: decaying, serpentine
a: Renounce Religion, Wall of Briars, Grow Ballistomycete, Overgrow, Grow Oklob


You were on level 3 of the Elven Halls.
You worshipped Fedhas.
Fedhas was extremely pleased with you.
You visited 6 branches of the dungeon, and saw 34 of its levels.
You also visited: Bailey and Ice Cave.

You collected 4890 gold pieces.
You spent 1511 gold pieces at shops.

Inventory:

Hand Weapons
 c - a +9 vorpal hunting sling (weapon)
 f - the +6 dagger "Beastslayer" {elec, rN+ Str+3}
   (You found it on level 9 of the Dungeon)

   It occasionally discharges a powerful burst of electricity upon striking a
   foe.
   Str:       It affects your strength (+3).
   rN:        It protects you from negative energy.
 n - the +4 demon trident "Pejer" {elec, rC+ Dex+4 SInv}
   (You acquired it on level 4 of the Lair of Beasts)

   It occasionally discharges a powerful burst of electricity upon striking a
   foe.
   Dex:       It affects your dexterity (+4).
   rC:        It protects you from cold.
   SInv:      It lets you see invisible.
 O - a +3 scimitar of flaming
Missiles
 k - 70 sling bullets (quivered ammo)
 p - 3 boomerangs of dispersal
 r - 8 throwing nets
 v - 8 curare-tipped darts
 G - 11 javelins
Armour
 a - a +3 leather armour of resistance (worn)
 g - a +2 troll leather armour {Snorg}
 s - a scarf of shadows
 t - a +2 pair of gloves of strength (worn)
 u - a +0 pair of boots (worn)
 D - a +2 cloak of willpower (worn)
 X - a +2 buckler (worn)
 Z - a +2 pair of gloves of hurling
Jewellery
 b - the ring "Viysohak" {rPois Str+4}
   (You found it on level 3 of the Lair of Beasts)

   [ring of poison resistance]

   Str:       It affects your strength (+4).
   rPois:     It protects you from poison.
 x - an amulet of regeneration (around neck)
 y - a +4 ring of slaying
 B - the ring "Kuor" (right hand) {rCorr MP+9 Str+3 Dex+3}
   (You bought it in a shop on level 11 of the Dungeon)

   [ring of magical power]

   Str:       It affects your strength (+3).
   Dex:       It affects your dexterity (+3).
   MP:        It affects your magic capacity (+9).
   rCorr:     It protects you from acid and corrosion.
 N - the ring "Guuts" (left hand) {Fly rPois rC+ Slay+3}
   (You acquired it on level 9 of the Dungeon)

   [ring of flight]

   Slay:      It affects your accuracy & damage with ranged weapons and melee
   (+3).
   rC:        It protects you from cold.
   rPois:     It protects you from poison.
   Fly:       It grants you flight.
 S - an amulet of faith
 T - the ring "Ixea" {Wiz Int+3}
   (You took it off a deep elf sorcerer on level 3 of the Elven Halls)

   [ring of wizardry]

   It improves your spell success rate.
   Int:       It affects your intelligence (+3).
Wands
 q - a wand of iceblast (38)
 E - a wand of digging (16)
 F - a wand of paralysis (21)
 J - a wand of charming (31)
 W - a wand of mindburst (14)
 Y - a wand of flame (54)
Scrolls
 z - 3 scrolls of teleportation
 H - 4 scrolls of identify
 I - 2 scrolls of fog
 K - 2 scrolls of fear
 M - 2 scrolls of magic mapping
Potions
 d - 2 potions of brilliance
 e - 2 potions of resistance
 h - 6 potions of attraction
 i - 5 potions of might
 j - 2 potions of cancellation
 l - 3 potions of ambrosia
 o - 9 potions of curing
 w - 3 potions of invisibility
 C - 8 potions of lignification
 L - 6 potions of haste
 R - 3 potions of mutation
 U - a potion of magic
Miscellaneous
 A - a lightning rod (2/4)
 P - a condenser vane (inert)
 Q - a phantom mirror
 V - a box of beasts


   Skills:
 + Level 15.9 Fighting
 - Level 3.8 Short Blades
 + Level 12.6 Polearms
 + Level 8.1(8.3) Slings
 - Level 2.0(5.5) Throwing
 - Level 2.5 Armour
 + Level 12.5 Dodging
 + Level 9.5 Stealth
 - Level 4.0 Shields
 - Level 8.6 Spellcasting
 - Level 9.4 Conjurations
 + Level 4.7 Hexes
 + Level 8.3 Translocations
 - Level 8.6 Air Magic
 - Level 9.3 Poison Magic
 - Level 15.0 Invocations


You had 19 spell levels left.
You knew the following spells:

 Your Spells              Type           Power      Damage    Failure   Level
a - Mephitic Cloud        Conj/Pois/Air  31%        N/A       1%          3
b - Magic Dart            Conj           100%       1d8       1%          1
c - Iskenderun's Mystic   Conj/Tloc      30%        2d8       3%          4
d - Portal Projectile     Hex/Tloc       48%        N/A       2%          3
e - Blink                 Tloc           58%        N/A       1%          2
f - Lesser Beckoning      Tloc           29%        N/A       1%          3

Your spell library contained the following spells:

 Spells                   Type           Power      Damage    Failure   Level
 Apportation              Tloc           58%        N/A       1%          1
 Static Discharge         Conj/Air       31%        N/A       1%          2
 Dazzling Flash           Conj/Hex       50%        N/A       2%          3
 Lightning Bolt           Conj/Air       15%        1d29      10%         5
 Manifold Assault         Tloc           29%        N/A       13%         5
 Animate Skeleton         Necr           12%        N/A       14%         1
 Freeze                   Ice            24%        1d5       14%         1
 Summon Small Mammal      Summ           24%        N/A       14%         1
 Inner Flame              Hex/Fire       12%        N/A       16%         3
 Cause Fear               Hex            9%         N/A       21%         4
 Hailstorm                Conj/Ice       19%        3d6       21%         4
 Sticky Flame             Conj/Fire      19%        2d4       21%         4
 Call Imp                 Summ           6%         N/A       22%         2
 Sublimation of Blood     Necr           6%         N/A       22%         2
 Summon Lightning Spire   Summ/Air       18%        N/A       24%         4
 Call Canine Familiar     Summ           6%         N/A       38%         3
 Frozen Ramparts          Ice            12%        1d3       38%         3
 Leda's Liquefaction      Hex/Erth       6%         N/A       45%         4
 Irradiate                Conj/Tmut      9%         3d16      50%         5
 Summon Forest            Summ/Tloc      8%         N/A       56%         5
 Animate Armour           Summ/Erth      12%        N/A       80%         4
 Dispel Undead            Necr           6%         3d8       80%         4
 Petrify                  Tmut/Erth      6%         N/A       80%         4
 Summon Ice Beast         Ice/Summ       6%         N/A       80%         4
 Summon Mana Viper        Hex/Summ       12%        N/A       82%         5
 Eringya's Noxious Bog    Tmut/Pois      9%         N/A       97%         6
 Iron Shot                Conj/Erth      9%         9d3       97%         6
 Starburst                Conj/Fire      9%         6d5       97%         6
 Blade Hands              Tmut           3%         N/A       98%         5
 Dragon Form              Tmut           3%         N/A       100%        7
 Monstrous Menagerie      Summ           3%         N/A       100%        7
 Storm Form               Tmut/Air       9%         N/A       100%        7
 Summon Hydra             Summ           3%         N/A       100%        7
 Discord                  Hex            9%         N/A       100%        8
 Maxwell's Capacitive Co  Air            15%        ∞         100%        8


Dungeon Overview and Level Annotations

Branches:
Dungeon (15/15)            Temple (0/1) D:6            Lair (6/6) D:10
  Swamp (4/4) Lair:3        Snake (4/4) Lair:4        Slime (0/5) Lair:5
    Orc (2/2) D:12            Elf (3/3) Orc:2        Vaults (0/5) D:14
 Depths (0/4) D:15         Bailey (visited)           IceCv (visited)

Altars:
Elyvilon
Fedhas
Hepliaklqana
Kikubaaqudgha
Makhleb
Nemelex Xobeh
Okawaru
Ru
Sif Muna
Trog
Xom
Yredelemnul
Beogh
Jiyva

Shops:
D:11 !=([(   Orc:2 ([!*   Elf:1 *   Snake:2 [

Annotations:
D:7 1 runed translucent door, Cancer's ghost, novice GrCj
D:8 2 transporters, meatgazer's ghost, novice DsAK
Lair:3 exclusion: ice statue
Elf:2 3 runed translucent doors


Innate Abilities, Weirdness & Mutations

You have a pair of large horns on your head.
Your demonic aura sometimes causes spilled blood to erupt in flames.
When hurt, damage is shared between your health and your magic reserves.
You regenerate magic rapidly.
When low on magic, you restore magic in place of health.
When seriously injured, your blood forms very thick armour. (AC +12)


Message History

The deep elf zephyrmancer hits your briar patch with a +0 long sword.
The deep elf sorcerer hits you but does no damage.
A deep elf death mage comes into view. It is wielding a +0 long sword.
The deep elf master archer shoots an arrow.
The arrow hits you!
* * * LOW HITPOINT WARNING * * *
The deep elf death mage barely misses you.
The deep elf annihilator mumbles some strange words.
The deep elf annihilator blinks!
The deep elf death mage hits you but does no damage.
The deep elf pyromancer is engulfed in blazing flames.
You kill the deep elf pyromancer!
Fedhas appreciates your contribution to the ecosystem.
The deep elf master archer hits your briar patch!
The deep elf pyromancer hits you from afar with the +4 spear "Faeny" {vorpal, Int+8}.
* * * LOW HITPOINT WARNING * * *
x2 The deep elf master archer shoots an arrow.
The arrow misses you.
Unknown command.
You feel much better.
You are covered in liquid flames!
* * * LOW HITPOINT WARNING * * *
You are no longer on fire.
Your surroundings suddenly seem different.
A +1 short sword of flaming comes into view.
The deep elf death mage beckons forth a restless soul!
The deep elf master archer shoots an arrow.
The arrow hits you!
* * * LOW HITPOINT WARNING * * *
You hear a shout!
You are too confused!
Unknown command.
You feel much better.
The deep elf master archer shoots an arrow.
The arrow hits you!!
* * * LOW HITPOINT WARNING * * *
The deep elf master archer shoots an arrow.
The arrow hits you!!
You die...
Fedhas appreciates your contribution to the ecosystem.

####### ##.[.:*## ##))...**##
********#'..@.)P.e#########
**,,,,..(e#.)...).#(eP.....##
***,,,,,..ee##.).).##e.P......#*
*,,,,,,,..,,,#######eP)P(.......
**,,,,,,,.,,,,,,* #.§.ee.........
*,,,,,,,,,,,,,,,**#.e............
,,,,,,,***,,,,,,,#...e...###.....
,,,,,,** **,,,,,,#..^...##,*#....
,,,,,** **,,,,.'.....##,,,*#...


You could see a deep elf master archer, a deep elf death mage, a deep elf
sorcerer (fast), 2 lost souls, a +1 short sword of flaming, a friendly
ballistomycete (summoned) and a friendly ballistomycete spore.

Vanquished Creatures
  Saint Roka (Orc:2)
  Jorgrun (D:14)
  A tentacled monstrosity (Swamp:1)
  A deep elf master archer (Elf:3)
  The ghost of swappor the Hoplite, an adept MiBe of Trog (Elf:2)
  Frances (Swamp:1)
  2 fenstrider witches
  6 nagarajas
  Donald (Snake:2)
  8 deep elf sorcerers
  7 deep elf elementalists (Elf:3)
  An orc warlord (D:12)
  3 very ugly things
  3 ghouls (Swamp:3)
  3 deep elf demonologists (Elf:3)
  3 deep elf annihilators
  2 dire elephants (Lair:5)
  4 bunyips
  An eleionoma (Swamp:4)
  3 deep elf death magi (Elf:3)
  Snorg (D:10)
  4 deep elf high priests (Elf:3)
  15 naga warriors
  4 vault guards (D:14)
  An ice dragon (Lair:3)
  Erolcha (D:10)
  2 caustic shrike simulacra (IceCv)
  27 hydras
  A rakshasa (D:15)
  2 ogre magi
  5 centaur warriors
  3 boulder beetles
  A spriggan air mage (Swamp:3)
  Erica (D:9)
  3 ghost crabs
  12 anacondas
  11 two-headed ogres
  20 dancing weapons
  16 alligators
  A tengu warrior (D:9)
  2 spriggan berserkers (Swamp:2)
  17 naga sharpshooters
  An orc high priest (Orc:2)
  Sonja (Orc:1)
  9 spriggans
  8 deep elf knights
  A salamander mystic (Snake:4)
  4 shock serpents
  3 sea snakes (Snake:4)
  A goliath frog (Swamp:2)
  A death drake (Swamp:3)
  3 naga ritualists
  7 spriggan druids
  9 bog bodies
  A glowing orange brain (D:15)
  11 swamp dragons
  2 obsidian statues (IceCv)
  14 deep elf archers
  7 mana vipers
  7 orc knights
  25 deep elf pyromancers
  15 deep elf zephyrmancers
  4 orc sorcerers
  6 spectral spriggans (Swamp:3)
  10 ugly things
  9 cyclopes
  3 manticores
  10 salamanders
  7 guardian serpents
  3 will-o-the-wisps
  Maurice (D:12)
  29 black mambas
  8 elephants
  25 cane toads
  19 naga magi
  An unseen horror (D:11)
  5 rime drakes
  Maggie (D:6)
  A kobold demonologist (D:11)
  7 freezing wraiths
  A tengu conjurer (D:14)
  3 anaconda simulacra
  A yaktaur (D:14)
  2 efreet (D:14)
  11 komodo dragons
  3 golden dragon simulacra (IceCv)
  2 ice devils (IceCv)
  A jumping spider (shapeshifter) (D:14)
  7 polar bears
  3 bloated husks
  Prince Ribbit (D:6)
  8 trolls
  7 tyrant leeches
  19 blink frogs
  A dream sheep (Lair:5)
  8 hornets
  15 slime creatures
  A dream sheep (shapeshifter) (D:15)
  2 air elementals (Elf:1)
  4 wyverns
  4 water elementals
  2 spriggan simulacra
  43 yaks
  9 basilisks
  2 fire elementals
  A hog (shapeshifter) (D:13)
  A vampire (D:13)
  Grum (D:8)
  2 steam dragons
  9 vampire mosquitoes
  Menkaure (D:6)
  11 swamp worms
  A harpy simulacrum (Elf:2)
  64 nagas
  4 wargs
  A hydra simulacrum (IceCv)
  Edmund (D:6)
  7 acid dragons
  Duvessa (D:7)
  13 water moccasins
  A black bear (shapeshifter) (D:15)
  7 swamp drakes (Swamp:4)
  41 orc warriors
  A sky beast (D:6)
  3 black bears
  An alligator simulacrum (Elf:2)
  8 ogres
  6 ice beasts
  14 wolves
  2 ettin simulacra (IceCv)
  4 necrophages
  12 centaurs
  A phantom (D:5)
  A lemure (D:3)
  4 kobold brigands
  18 bullfrogs
  A wyvern zombie (D:5)
  8 gnoll sergeants (Bailey)
  3 scorpions
  2 deep troll simulacra (Elf:2)
  3 earth elementals
  A lindwurm simulacrum (Elf:2)
  A killer bee (shapeshifter) (Elf:1)
  A wight (D:10)
  5 howler monkeys
  2 electric eels
  4 centaur zombies
  3 hounds
  9 orc priests
  6 gnoll shamans (Bailey)
  A centaur skeleton (D:7)
  Ijyb (D:5)
  23 orc wizards
  5 hell rats (Lair:2)
  A killer bee zombie (D:8)
  A howler monkey zombie (D:9)
  19 gnolls
  15 adders
  A shadow imp (D:5)
  3 white imps
  6 worms
  2 dart slugs
  61 orcs
  6 bats
  6 endoplasms
  7 giant cockroaches
  20 goblins
  12 hobgoblins
  7 jackals
  5 quokkas
  8 ball pythons
  4 frilled lizards
  21 kobolds
  8 rats
1176 creatures vanquished.

Vanquished Creatures (collateral kills)
  Aizul (Snake:4)
  A spriggan air mage (Swamp:2)
  A deep elf knight (Elf:2)
  Pikel (D:4)
  2 black mambas
  A rime drake (Lair:5)
  A blink frog (Lair:6)
  2 vampire mosquitoes
  4 nagas
  5 orc warriors
  An ogre (Orc:2)
  A centaur (Orc:2)
  3 lemures (D:4)
  A kobold brigand (D:7)
  A bullfrog (Lair:2)
  Dowan (D:7)
  A killer bee (D:9)
  Crazy Yiuf (D:6)
  2 orc wizards
  A hell rat (Lair:2)
  2 adders
  8 orcs
  2 kobolds
  72 ballistomycete spores
116 creatures vanquished.

Vanquished Creatures (others)
  3 thorn hunters
  A dancing weapon (Elf:1)
  2 deep elf knights
  A spriggan druid (Swamp:3)
  A deep elf zephyrmancer (Elf:3)
  An oklob plant (Lair:6)
  A will-o-the-wisp (Swamp:3)
  2 spectral spriggans (Swamp:3)
  A freezing wraith (Swamp:3)
  2 bloated husks
  A yak (Lair:4)
  A water moccasin (Lair:4)
  A swamp worm (Swamp:3)
  A swamp drake (Swamp:4)
  An iguana (Lair:3)
  5 ballistomycete spores
  18 foxfires
  46 fungi
  131 plants
  10 toadstools (Lair:5)
230 creatures vanquished.

Grand Total: 1522 creatures vanquished

Notes
Turn   | Place    | Note
-------+----------+-------------------------------------------
     0 | D:1      | Zonian the Demonspawn Gladiator began the quest for the
                  | Orb.
     0 | D:1      | Reached XP level 1. HP: 16/16 MP: 1/1
   141 | D:1      | Gained mutation: When seriously injured, your blood forms
                  | armour. (AC +12) [demonic ancestry]
   141 | D:1      | Reached XP level 2. HP: 22/22 MP: 2/2
   494 | D:1      | Found a faded altar of an unknown god.
   504 | D:1      | Prayed at the altar of an unknown god.
   504 | D:1      | Became a worshipper of Fedhas Madash
   504 | D:1      | Reached * piety under Fedhas
   554 | D:1      | Gained mutation: Your demonic aura sometimes causes spilled
                  | blood to erupt in flames. [demonic ancestry]
   554 | D:1      | Reached XP level 3. HP: 27/27 MP: 3/3
  1784 | D:2      | Reached XP level 4. HP: 33/33 MP: 4/4
  1932 | D:2      | Reached ** piety under Fedhas
  1987 | D:2      | Reached skill level 1 in Invocations
  2758 | D:2      | Found an iron altar of Okawaru.
  3102 | D:3      | Found an ancient bone altar of Kikubaaqudgha.
  3153 | D:3      | Gained mutation: You regenerate magic rapidly. [demonic
                  | ancestry]
  3153 | D:3      | Reached XP level 5. HP: 34/38 MP: 6/6
  3409 | D:3      | Reached skill level 1 in Short Blades
  3412 | D:3      | Found a sacrificial altar of Ru.
  3412 | D:3      | Found a sparkling altar of Nemelex Xobeh.
  3714 | D:4      | Noticed Pikel
  3714 | D:4      | Noticed a lemure
  3714 | D:4      | Noticed a lemure
  3714 | D:4      | Noticed a lemure
  3715 | D:4      | Noticed a lemure
  3726 | D:3      | Killed a lemure
  4011 | D:4      | Killed a lemure
  4016 | D:4      | Killed a lemure
  4017 | D:4      | Killed a lemure
  4020 | D:4      | Killed Pikel
  4021 | D:4      | Reached XP level 6. HP: 11/46 MP: 5/8
  4021 | D:4      | Reached XP level 7. HP: 13/51 MP: 5/9
  4769 | D:4      | Reached *** piety under Fedhas
  4980 | D:4      | Learned a level 3 spell: Mephitic Cloud
  5133 | D:5      | Entered Level 5 of the Dungeon
  5292 | D:5      | Gained mutation: You have a pair of small horns on your
                  | head. [demonic ancestry]
  5292 | D:5      | Reached XP level 8. HP: 40/58 MP: 11/11
  5507 | D:5      | Reached skill level 1 in Conjurations
  5507 | D:5      | Reached skill level 1 in Poison Magic
  5515 | D:5      | Reached skill level 1 in Spellcasting
  5515 | D:5      | Reached skill level 1 in Air Magic
  5845 | D:5      | Noticed Ijyb
  5853 | D:5      | Killed Ijyb
  6416 | D:6      | Noticed a troll
  6458 | D:6      | Noticed Prince Ribbit
  6464 | D:6      | Killed Prince Ribbit
  6686 | D:6      | Killed a troll
  6687 | D:6      | Reached skill level 5 in Invocations
  6796 | D:6      | Noticed Edmund
  6816 | D:6      | Killed Edmund
  7008 | D:6      | Found a staircase to the Ecumenical Temple.
  7019 | D:6      | Reached XP level 9. HP: 51/65 MP: 12/12
  7194 | D:6      | Noticed Menkaure
  7196 | D:6      | Killed Menkaure
  7197 | D:6      | Reached skill level 5 in Fighting
  7258 | D:6      | Noticed Maggie
  7269 | D:6      | Killed Maggie
  7565 | D:6      | Found a runed translucent door.
  7566 | D:6      | Noticed Crazy Yiuf
  7652 | D:6      | Killed Crazy Yiuf
  8476 | D:7      | Noticed Duvessa
  8476 | D:7      | Noticed Dowan
  8543 | D:7      | Reached skill level 5 in Polearms
  8732 | D:7      | Found a runed translucent door.
  8733 | D:7      | Found a shimmering altar of Xom.
  8733 | D:7      | Noticed Cancer's ghost (novice GrCj)
  8734 | D:7      | Noticed a +2 spear of chaos
  9044 | D:7      | Found a burning altar of Makhleb.
  9079 | D:7      | Noticed a troll
  9098 | D:7      | Killed a troll
  9727 | D:7      | Reached skill level 5 in Dodging
  9744 | D:7      | Reached XP level 10. HP: 55/76 MP: 10/15
 10641 | D:7      | Killed Duvessa
 10647 | D:7      | Killed Dowan
 11536 | D:8      | Noticed Grum
 11549 | D:8      | Killed Grum
 11578 | D:8      | Reached **** piety under Fedhas
 11813 | D:8      | Identified the +9 spear "Kopiababo" {pain, rCorr}
 11813 | D:8      | Identified the +4 ring mail of the Elephant {Harm}
 12137 | D:8      | Found a transporter.
 12143 | D:8      | Found a transporter.
 12151 | D:8      | Identified the amulet "Cuarhemi" {RegenMP rN+}
 12151 | D:8      | Noticed meatgazer's ghost (novice DsAK)
 12580 | D:9      | Noticed Erica
 12603 | D:9      | Killed Erica
 12956 | D:9      | Found a large runed translucent door.
 12958 | D:9      | Found a large runed translucent door.
 12989 | D:9      | Noticed a tengu warrior
 12998 | D:9      | Killed a tengu warrior
 13543 | D:9      | Found a large runed translucent door.
 13543 | D:9      | Found a large runed translucent door.
 13550 | D:9      | Identified the +6 dagger "Beastslayer" {elec, rN+ Str+3}
 13572 | D:9      | Identified a scroll of acquirement
 13572 | D:9      | Acquired the ring "Guuts" {Fly rPois rC+ Slay+3}
 13617 | D:9      | Gained mutation: You have a pair of horns on your head.
                  | [demonic ancestry]
 13617 | D:9      | Reached XP level 11. HP: 79/84 MP: 17/17
 13803 | D:9      | Found a basalt altar of Yredelemnul.
 13848 | D:9      | Found a hazy altar of Hepliaklqana.
 14006 | D:9      | Found a shimmering blue altar of Sif Muna.
 14270 | D:9      | Noticed a centaur warrior
 14282 | D:9      | Killed a centaur warrior
 14371 | D:9      | Noticed a two-headed ogre
 14675 | D:9      | Killed a two-headed ogre
 14676 | D:9      | Reached skill level 5 in Conjurations
 14676 | D:9      | Reached skill level 5 in Poison Magic
 14825 | D:10     | Entered Level 10 of the Dungeon
 14835 | D:10     | Noticed Erolcha
 14847 | D:10     | Killed Erolcha
 15401 | D:10     | Noticed Snorg
 15428 | D:10     | Killed Snorg
 16002 | D:10     | Found a staircase to the Lair.
 16189 | Lair:1   | Entered Level 1 of the Lair of Beasts
 16510 | Lair:1   | Reached skill level 5 in Spellcasting
 16589 | Lair:1   | Noticed a four-headed hydra
 16892 | Lair:1   | Killed a four-headed hydra
 16893 | Lair:1   | Reached skill level 5 in Air Magic
 16913 | Lair:1   | Learned a level 1 spell: Magic Dart
 17053 | Lair:1   | Noticed an eight-headed hydra
 17065 | Lair:1   | Killed an eight-headed hydra
 17833 | Lair:2   | Reached XP level 12. HP: 89/95 MP: 16/20
 18393 | Lair:2   | Reached skill level 1 in Shields
 18978 | Lair:3   | Noticed an ice dragon
 18995 | Lair:3   | Killed an ice dragon
 19758 | Lair:3   | Identified the ring "Viysohak" {rPois Str+4}
 20357 | Lair:3   | Found a staircase to the Swamp.
 20454 | Lair:3   | Noticed a four-headed hydra
 20466 | Lair:3   | Killed a four-headed hydra
 20467 | Lair:3   | Reached skill level 10 in Fighting
 21592 | Lair:4   | Acquired a +2 pair of gloves of hurling
 21762 | Lair:4   | Gained mutation: When seriously injured, your blood forms
                  | thick armour. (AC +12) [demonic ancestry]
 21762 | Lair:4   | Reached XP level 13. HP: 103/103 MP: 22/22
 21907 | Lair:4   | Acquired the +4 demon trident "Pejer" {elec, rC+ Dex+4
                  | SInv}
 22244 | Lair:4   | Found a staircase to the Snake Pit.
 22544 | Lair:5   | Reached skill level 10 in Invocations
 22594 | Lair:5   | Noticed a dire elephant
 22594 | Lair:5   | Noticed a dire elephant
 22616 | Lair:5   | Found a runed translucent door.
 22986 | Lair:5   | Found a staircase to the Slime Pits.
 22986 | Lair:5   | Found a viscous altar of Jiyva.
 23379 | Lair:5   | Killed a dire elephant
 23457 | Lair:5   | Killed a dire elephant
 23758 | Lair:6   | Entered Level 6 of the Lair of Beasts
 24716 | Lair:6   | Reached XP level 14. HP: 113/113 MP: 24/24
 25330 | Lair:6   | Identified the +6 flail "Ugosk" {flame, rC+}
 25745 | D:10     | Found a shimmering altar of Xom.
 26052 | D:11     | Found Cico's Antique Weapon Boutique.
 26052 | D:11     | Found Ynweajoi's Antique Armour Emporium.
 26058 | D:11     | Bought a slimy leather armour for 224 gold pieces
 26058 | D:11     | Identified the +0 leather armour of True Grit {rC+ Str+2}
                  | (You bought it in a shop on level 11 of the Dungeon)
 26283 | D:11     | Found Numuenuggy's Weapon Emporium.
 26356 | D:11     | Found Ydosa's Jewellery Emporium.
 26366 | D:11     | Bought the ring "Kuor" {rCorr MP+9 Str+3 Dex+3} for 587
                  | gold pieces
 26610 | D:11     | Found Soqog's Distillery.
 26618 | D:11     | Bought a potion of curing for 39 gold pieces
 26618 | D:11     | Bought a potion of curing for 39 gold pieces
 26618 | D:11     | Bought a potion of heal wounds for 65 gold pieces
 27030 | D:12     | Reached ***** piety under Fedhas
 27210 | D:12     | Found a staircase to the Orcish Mines.
 28178 | D:13     | You are sucked into a shaft and drop 1 floor!
 28178 | D:14     | Found a flagged portal.
 28192 | Bailey   | Entered a bailey
 29962 | D:14     | Found a gate to the Vaults.
 30866 | D:14     | Noticed Jorgrun
 30879 | D:14     | Killed Jorgrun
 31562 | D:14     | Gained mutation: When hurt, damage is shared between your
                  | health and your magic reserves. [demonic ancestry]
 31562 | D:14     | Reached XP level 15. HP: 88/122 MP: 26/26
 32887 | D:15     | Entered Level 15 of the Dungeon
 33434 | D:15     | Found a staircase to the Depths.
 34586 | Orc:1    | Entered Level 1 of the Orcish Mines
 34586 | Orc:1    | Noticed an orc warlord
 35001 | Orc:1    | Noticed Sonja
 35001 | Orc:1    | Noticed Maurice
 35014 | D:12     | Killed an orc warlord
 35271 | D:12     | Killed Maurice
 35548 | Orc:1    | Killed Sonja
 35591 | Orc:1    | Found a bloodstained altar of Trog.
 35959 | Orc:2    | Entered Level 2 of the Orcish Mines
 36427 | Orc:2    | Noticed Saint Roka
 36447 | Orc:2    | Killed Saint Roka
 36478 | Orc:2    | Found Vesseops's Armour Shoppe.
 36478 | Orc:2    | Found Leoschiyra's Distillery.
 36480 | Orc:2    | Found Cogixt's Assorted Antiques.
 36482 | Orc:2    | Found Temouguw's Antique Weapon Emporium.
 36493 | Orc:2    | Bought a potion of heal wounds for 65 gold pieces
 36493 | Orc:2    | Bought a potion of heal wounds for 65 gold pieces
 36495 | Orc:2    | Bought a bronze ring for 125 gold pieces
 36495 | Orc:2    | Bought 2 potions of heal wounds for 250 gold pieces
 36557 | Orc:2    | Found a staircase to the Elven Halls.
 36704 | Orc:2    | Found a runed translucent door.
 37015 | Orc:2    | Learned a level 4 spell: Iskenderun's Mystic Blast
 37289 | Snake:1  | Entered Level 1 of the Snake Pit
 37373 | Snake:1  | Reached skill level 1 in Translocations
 37481 | Snake:1  | Gained mutation: When seriously injured, your blood forms
                  | very thick armour. (AC +12) [demonic ancestry]
 37481 | Snake:1  | Reached XP level 16. HP: 131/131 MP: 28/28
 38535 | Snake:2  | Found Otaokir's Armour Boutique.
 38544 | Snake:2  | Reached skill level 1 in Slings
 38692 | Snake:2  | Noticed Donald
 38711 | Snake:2  | Killed Donald
 38773 | Snake:2  | Reached skill level 10 in Polearms
 39769 | Snake:2  | Reached skill level 10 in Dodging
 41229 | Snake:3  | Identified the +0 pair of gloves "Voer" {rCorr Dex+3}
 41530 | Snake:3  | Reached skill level 5 in Stealth
 42072 | Snake:4  | Entered Level 4 of the Snake Pit
 42690 | Snake:4  | Noticed Aizul
 42711 | Snake:4  | Killed Aizul
 42712 | Snake:4  | Gained mutation: You have a pair of large horns on your
                  | head. [demonic ancestry]
 42712 | Snake:4  | Reached XP level 17. HP: 80/139 MP: 20/29
 45359 | Snake:4  | Reached skill level 5 in Translocations
 45522 | Snake:4  | Got a serpentine rune of Zot
 45848 | Swamp:1  | Entered Level 1 of the Swamp
 46112 | Swamp:1  | Noticed a tentacled monstrosity
 46127 | Swamp:1  | Killed a tentacled monstrosity
 46216 | Swamp:1  | Reached skill level 5 in Slings
 46483 | Swamp:1  | Noticed Frances
 46498 | Swamp:1  | Killed Frances
 48700 | Swamp:3  | Reached skill level 15 in Invocations
 48816 | Swamp:3  | Paralysed by a hornet for 1 turns
 49132 | Swamp:3  | Reached XP level 18. HP: 138/148 MP: 30/30
 49824 | Swamp:3  | Reached skill level 15 in Fighting
 50064 | Swamp:4  | Entered Level 4 of the Swamp
 51005 | Swamp:4  | Got a decaying rune of Zot
 51339 | Swamp:4  | Learned a level 3 spell: Portal Projectile
 51597 | Elf:1    | Entered Level 1 of the Elven Halls
 51787 | Elf:1    | Paralysed by an air elemental for 1 turns
 51799 | Elf:1    | Reached skill level 1 in Hexes
 52138 | Elf:1    | Found Picad's General Store.
 52146 | Elf:1    | Bought a scroll of fear for 52 gold pieces
 52156 | Elf:1    | Learned a level 2 spell: Blink
 52160 | Elf:1    | Learned a level 3 spell: Lesser Beckoning
 52834 | Elf:2    | Found a frozen archway.
 52908 | IceCv    | Entered an ice cave
 53919 | Elf:2    | Found a runed translucent gate.
 53920 | Elf:2    | Found a runed translucent gate.
 53921 | Elf:2    | Found a runed translucent gate.
 54061 | Elf:2    | Identified the +1 scale mail "Ykai" {rF+ Str-2 Dex+5}
 54323 | Elf:2    | Found a runed translucent door.
 54323 | Elf:2    | Noticed swappor's ghost (adept MiBe)
 54342 | Elf:2    | Gained mutation: When low on magic, you restore magic in
                  | place of health. [demonic ancestry]
 54342 | Elf:2    | Reached XP level 19. HP: 155/155 MP: 31/31
 54351 | Elf:2    | Killed swappor's ghost
 54761 | Elf:3    | Entered Level 3 of the Elven Halls
 55541 | Elf:3    | Reached ****** piety under Fedhas
 56212 | Elf:3    | Noticed a Tzitzimitl
 56760 | Elf:3    | Identified the ring "Ixea" {Wiz Int+3}
 56766 | Elf:3    | Identified the +5 glaive "Qikhown" {flame, rF- Int+4 Dex+3}
 56909 | Elf:3    | Identified the +0 ring mail of Miracles {-Tele Str+4 Dex+6}
 56923 | Elf:3    | Identified the ring "Xokk" {rPois rF+ rC+ Stlth+}
 56935 | Elf:3    | Identified the +4 spear "Faeny" {vorpal, Int+8}
 56941 | Elf:3    | Found the +0 mask of the Dragon {Will+ Slay+3 SInv}
 56952 | Elf:3    | Identified the amulet "Maeg" {Reflect rPois rCorr SH+5
                  | Stlth+}
 56989 | Elf:3    | HP: 6/151 [deep elf death mage/vampiric draining (13)]
 56990 | Elf:3    | HP: 2/151 [deep elf pyromancer (1)]
 56992 | Elf:3    | Shot with an arrow by a deep elf master archer

Illustrated notes

Levels and vault maps discovered:
D:1:      arrival_zaba_pyramid, layout_rooms,
          shapermc_ecumenical_altar_notcrosses, minmay_misc_feat_roman,
          amcnicky_mini_corridor_feature, minmay_domino_4
D:2:      layout_basic, basic_altar, minmay_goblin_outpost
D:3:      layout_loops_cross, nicolae_kikubaaqudgha_miasma_corner,
          gammafunk_temple_overflow_statue
D:4:      layout_rooms, grunt_ministairs_5, minmay_joined_circles, uniq_pikel
D:5:      layout_cave_pools, uniq_ijyb
D:6:      black_bear_nest_1, layout_basic, minmay_temple_entry_ruins,
          gup_sewer_entry_spiral, uniq_prince_ribbit1, uniq_edmund,
          uniq_menkaure, uniq_crazy_yiuf_cottage, uniq_maggie
D:7:      layout_loops_ring, makhleb_heckhound_becter, ebering_ghost_xom,
          chequers_mini_garden, eino_small_chamber_without_monster, uniq_duvessa
D:8:      layout_loops_corners, gammafunk_ghost_gnarly_gnolls, uniq_grum
D:9:      layout_roguey, kennysheep_ying_yang, mainiacjoe_overflow_24_doors,
          amcnicky_altar_gilded, hex_large, minmay_hollow_rounded_squares,
          uniq_erica
D:10:     layout_roguey, xom_confusion_cloud, grunt_lair_entry_orc_guard_hut,
          uniq_erolcha, uniq_snorg
D:11:     layout_loops_ring, serial_shops, shop, nicolae_stop_n_shop_2, shop,
          shop, shop_statue
D:12:     layout_rooms, orc_0_dummy
D:13:     layout_roguey
D:14:     layout_grid_maze, grunt_vaults_entry_fortified, enter_bailey_6,
          uniq_jorgrun
D:15:     gammafunk_enter_depths_forms, layout_basic, hex_medium,
          chequers_serial_rivers_micro_c
Lair:1:   layout_cave_pods, serial_bayou_lake_a, grunt_megastairs_2,
          lemuel_fruit_tree
Lair:2:   layout_cave_pods, cheibrodos_lair_reptile_den, serial_bayou_shore_a,
          grunt_megastairs_4
Lair:3:   layout_cave_pods, minmay_swamp_entry_reptiles, ice2_lemuel
Lair:4:   minmay_lair_oklob_tunnel, layout_small_grid,
          minmay_snake_entry_guardpost_medium, beast_lair_carwin_6,
          lemuel_fruit_fields
Lair:5:   gammafunk_lair_enchanted_lake, layout_layer_cave, slime_altar_1
Lair:6:   minmay_lair_end_frog_pond, layout_hall_layers,
          chequers_serial_rivers_micro_b, nicolae_quartered_pool_impasse
Swamp:1:  layout_basic_swamp, evilmike_swamp_ruin_house_4, uniq_frances
Swamp:2:  layout_basic_swamp, serial_swamp_ruin, evilmike_swamp_ruin_house_5,
          evilmike_swamp_ruin_house_6, swamp_pool1, infiniplex_staircase_pool
Swamp:3:  nicolae_swamp_flooded_prison, layout_basic_swamp,
          nicolae_swamp_bean_lake
Swamp:4:  swamp, layout_basic_swamp, swamp_pool5
Snake:1:  layout_cave_shapes, nicolae_snake_gridmaze_waves
Snake:2:  layout_chambers, serial_shops, shop, uniq_donald
Snake:3:  layout_rooms, grunt_megastairs_3
Snake:4:  grunt_snake_rune_pools, layout_rooms, nrook_guardian_serpent_double,
          uniq_aizul
Orc:1:    layout_diamond_mine, basic_altar, uniq_sonja, uniq_maurice
Orc:2:    st_orc_rangers, layout_caves, lightli_church_of_beogh, uniq_saint_roka
Elf:1:    nicolae_elf_arrival_fired_up, layout_gridlike, minivault_28,
          minmay_shop_star
Elf:2:    nicolae_elf_blades_splatter_lattice
          [nicolae_blade_entry_sentries_behind_glass], layout_loops_cross,
          ebering_ghost_inner_flame, portal_ice_cave_entry_ice_simulacra,
          serial_sigils, serial_sigils_hangedman_shear,
          serial_sigils_hangedman_scratch, serial_sigils_hangedman_gut,
          serial_sigils_hangedman_quiver, drop_trap
Elf:3:    nooodl_elf_gasket, layout_rooms,
          nicolae_elf_glass_and_crystal_pillar_2, nicolae_elf_stair_hall,
          item_on_display_a

Skill      XL: |  1  2  3  4  5  6  7  8  9 10 11 12 13 14 15 16 17 18 19 |
---------------+----------------------------------------------------------+-----
Polearms       | 3 4 5 6 7 8 9 10 11 12 | 12.6
Dodging        | 3 4 5 6 7 8 9 10 11 12 | 12.5
Invocations    | 1 3 4 5 6 7 8 9 10 11 12 14 15 | 15.0
Short Blades   | 3 |  3.8
Throwing       | 2 |  2.0
Armour         | 2 |  2.5
Stealth        | 2 5 7 8 9 |  9.5
Fighting       | 3 4 6 7 9 10 11 12 13 14 15 | 15.9
Conjurations   | 2 3 4 5 6 7 8 9 |  9.4
Poison Magic   | 2 3 4 5 6 7 8 9 |  9.3
Spellcasting   | 2 3 4 5 6 7 8 |  8.6
Air Magic      | 2 3 4 5 6 7 8 |  8.6
Shields        | 2 4 |  4.0
Translocations | 1 4 6 7 8 |  8.3
Slings         | 3 5 7 8 |  8.1
Hexes          | 3 4 |  4.7

Action                   |  1- 3 |  4- 6 |  7- 9 | 10-12 | 13-15 | 16-18 | 19-21 || total
-------------------------+-------+-------+-------+-------+-------+-------+-------++-------
Melee: Trident           |   124 |    59 |   237 |   636 |    12 |       |       ||  1068
       Dagger            |       |    92 |   143 |       |    15 |       |       ||   250
       Headbutt          |       |       |    42 |   175 |   287 |   386 |    42 ||   932
       Demon trident     |       |       |       |       |  1128 |  1403 |   158 ||  2689
 Fire: Hunting sling     |       |       |       |       |    11 |   123 |   112 ||   246
Throw: Throwing net      |       |     3 |     1 |     5 |       |       |     1 ||    10
       Dart              |       |       |       |     1 |     1 |     1 |     3 ||     6
 Cast: Mephitic Cloud    |       |       |       |       |    12 |     9 |       ||    21
       Magic Dart        |       |       |       |       |     5 |     2 |       ||     7
       Iskenderun's Myst |       |       |       |       |       |     8 |     2 ||    10
       Blink             |       |       |       |       |       |       |     3 ||     3
       Portal Projectile |       |       |       |       |       |       |     3 ||     3
Invok: Wall of Briars    |       |     2 |    11 |    18 |    29 |    30 |     9 ||    99
       Grow Ballistomyce |       |       |       |     4 |     4 |    10 |     4 ||    22
       Overgrow          |       |       |       |       |     4 |     3 |       ||     7
Evoke: Wand              |       |       |     2 |     1 |    10 |    15 |     4 ||    32
       Phantom mirror    |       |       |       |       |     1 |       |       ||     1
       Box of beasts     |       |       |       |       |     1 |       |     1 ||     2
       Lightning rod     |       |       |       |       |       |       |     5 ||     5
       Condenser vane    |       |       |       |       |       |       |     1 ||     1
  Use: Scroll            |     1 |     6 |     7 |    12 |    14 |    15 |     5 ||    60
       Potion            |       |       |     2 |     1 |       |     2 |    15 ||    20
 Stab: Sleeping          |     1 |     4 |    11 |     8 |    23 |    25 |     2 ||    74
       Distracted        |       |       |     1 |       |     6 |     8 |     1 ||    16
       Held in net/web   |       |       |       |     3 |       |       |       ||     3
       Confused          |       |       |       |       |    18 |     7 |       ||    25
Armor: Leather armour    |    48 |    55 |    45 |       |    37 |       |    30 ||   215
       Steam dragon scal |       |       |    38 |    55 |       |       |       ||    93
       Troll leather arm |       |       |       |    94 |    99 |   251 |       ||   444
Dodge: Dodged            |    85 |    89 |   199 |   501 |   701 |   802 |    97 ||  2474
Block: Buckler           |       |       |       |    60 |   274 |   400 |    48 ||   782

Table legend: (Time is in decaauts)
 A = Elapsed time spent in this place.
 B = Non-inter-level travel time spent in this place.
 C = Inter-level travel time spent in this place.
 D = Time resting spent in this place.
 E = Time spent auto-exploring this place.
 F = Levels seen in this place.
 G = Mean time per level.
                   A        B        C        D        E       F      G
               +--------+--------+--------+--------+--------+-----+--------+
         Total |  56655 |  54345 |   2310 |  23280 |  18824 |  36 | 1573.8 |
       Dungeon |  24961 |  23860 |   1101 |  10578 |   9403 |  15 | 1664.1 |
          Lair |  10017 |   9297 |    720 |   3382 |   3918 |   6 | 1669.5 |
         Swamp |   5459 |   5318 |    141 |   2434 |   1357 |   4 | 1364.8 |
     Snake Pit |   8412 |   8254 |    158 |   4033 |   2096 |   4 | 2103.0 |
  Orcish Mines |   1767 |   1610 |    157 |    159 |    819 |   2 |  883.5 |
   Elven Halls |   4496 |   4466 |     30 |   1939 |   1088 |   3 | 1498.7 |
        Bailey |    834 |    834 |      0 |    392 |    142 |   1 |  834.0 |
      Ice Cave |    706 |    706 |      0 |    360 |      0 |   1 |  706.0 |
               +--------+--------+--------+--------+--------+-----+--------+

Top non-repeatable levels by time:
    D:14: 3614 daAuts
 Snake:4: 2993 daAuts
     D:7: 2882 daAuts
     D:9: 2530 daAuts
 Snake:3: 2248 daAuts
     D:6: 2170 daAuts
   Elf:3: 2144 daAuts
  Lair:2: 2072 daAuts
 Swamp:3: 1943 daAuts
 Snake:2: 1740 daAuts
  Lair:1: 1730 daAuts
    D:12: 1705 daAuts
  Lair:3: 1683 daAuts
 Swamp:1: 1652 daAuts
    D:10: 1643 daAuts
